 Dungeon Crawl Stone Soup version 0.16-a0-764-g7febf84 (webtiles) character file.

144 PolkaDot the Vexing (level 5, 0/35 HPs)
             Began as a Vampire Enchanter on Sept 24, 2014.
             Succumbed to poison (a potion of poison)
             ... on Level 3 of the Dungeon.
             The game lasted 00:06:26 (1656 turns).

PolkaDot the Vexing (Vampire Enchanter)             Turns: 1656, Time: 00:06:26

HP   0/35        AC  4     Str 12      XL: 5   Next:  5%
MP   3/9         EV 12     Int 18      God:
Gold 129         SH  0     Dex 14      Spells:  3 memorised,  2 levels left

rFire  . . .     SeeInvis +     a - +1 dagger
rCold  . . .     Clarity  .     b - +1 robe
rNeg   + . .     rCorr    .     (no shield)
rPois  .         rRot     .     (no helmet)
rElec  .         Spirit   .     p - +0 cloak
SustAb .         Warding  .     (no gloves)
rMut   .         Stasis   .     (no boots)
Gourm  .                        (no amulet)
MR     .....                    (no ring)
                                (no ring)

@: mighty, lethally poisoned, flying, not resistant to hostile enchantments,
fairly stealthy
A: fangs 3, see invisible, unbreathing
a: Bat Form


You were on level 3 of the Dungeon.
You were not thirsty.

You visited 1 branch of the dungeon, and saw 3 of its levels.

You collected 129 gold pieces.

Inventory:

Hand weapons
 a - a +1 dagger (weapon)
Armour
 b - a +1 robe (worn)
 p - a +0 cloak (worn)
Magical devices
 o - a wand of slowing (7)
Scrolls
 e - a scroll of random uselessness {unknown}
 f - a scroll of recharging {unknown}
 g - a scroll of noise {unknown}
 l - a scroll of remove curse {unknown}
 n - a scroll of identify {unknown}
Books
 c - a book of Maledictions

   Spells                             Type                      Level
   *Corona                            Hexes                        1
   Sure Blade                         Hexes/Charms                 2
   *Ensorcelled Hibernation           Hexes/Ice                    2
   *Confuse                           Hexes                        3
   Dazzling Spray                     Conjuration/Hexes            3
   Enslavement                        Hexes                        4


   Skills:
 + Level 3.2 Short Blades
 - Level 2.1 Dodging
 + Level 5.3 Stealth
 - Level 2.0 Spellcasting
 * Level 6.3 Hexes
 - Level 1.0 Ice Magic


You had 2 spell levels left.
You knew the following spells:

 Your Spells              Type           Power        Failure   Level  Hunger
a - Corona                Hex            ###....      1%          1    #......
c - Confuse               Hex            ###.....     4%          3    ####...
d - Ensorcelled Hibernat  Hex/Ice        ##....       8%          2    ##.....


Dungeon Overview and Level Annotations

Branches:
Dungeon (3/15)

Altars:


Innate Abilities, Weirdness & Mutations

You have razor-sharp teeth.
You have supernaturally acute eyesight.
You can survive without breathing.


Message History

Drink which item? (? for menu, Esc to quit)
That liquid tasted very nasty...
You are lethally poisoned!
It was a potion of poison.
* * * LOW HITPOINT WARNING * * *
You feel sick.
You're too confused!
* * * LOW HITPOINT WARNING * * *
You feel sick.
You miss the phantom. Your bite misses the phantom.
The phantom is almost destroyed.
The phantom blinks!
* * * LOW HITPOINT WARNING * * *
You feel sick.
You aren't carrying any potions.
You're too confused!
* * * LOW HITPOINT WARNING * * *
You feel sick.
You feel less confused.
You die...

#......#....
##.....###.. ##......##
#. ##........## ...
#..........#.....
##.W.(....##......
##......###.$.J..
##.............. ##
#####.@...>....#.
#s..##..[..#....#.....
#.....)####..##.#......
#......)......).........
#.....[....#####.#.##...
#..!......## ..#...
#.......... o## .##
.........## .. ..
........# .o ..


You could see a phantom.

Vanquished Creatures
  Crazy Yiuf (D:2)
  An orc wizard (D:3)
  3 adders
  2 giant mites
  2 oozes
  6 orcs (D:3)
  7 bats
  4 goblins
  2 hobgoblins (D:2)
  2 jackals (D:2)
  A quokka (D:2)
  A ball python (D:2)
  A giant cockroach (D:1)
  4 giant newts
  4 kobolds (D:1)
  5 rats
46 creatures vanquished.

Notes
Turn   | Place    | Note
--------------------------------------------------------------
     0 | D:1      | PolkaDot, the Vampire Enchanter, began the quest for the Orb.
     0 | D:1      | Reached XP level 1. HP: 13/13 MP: 3/3
   275 | D:1      | Reached XP level 2. HP: 19/19 MP: 4/4
   331 | D:1      | Reached skill level 5 in Hexes
   360 | D:1      | Learned a level 2 spell: Ensorcelled Hibernation
   861 | D:2      | Reached skill level 1 in Ice Magic
   861 | D:2      | Reached XP level 3. HP: 24/24 MP: 6/6
  1316 | D:2      | Noticed Crazy Yiuf
  1322 | D:2      | Killed Crazy Yiuf
  1322 | D:2      | Reached skill level 5 in Stealth
  1322 | D:2      | Reached XP level 4. HP: 30/30 MP: 4/7
  1417 | D:2      | Learned a level 3 spell: Confuse
  1603 | D:3      | Reached skill level 6 in Hexes
  1619 | D:3      | Noticed a phantom
  1631 | D:3      | Reached XP level 5. HP: 12/35 MP: 3/9
  1655 | D:3      | HP: 1/35 [poison (a potion of poison)]
  1656 | D:3      | Succumbed to poison (a potion of poison)

Action                   |  1- 3 |  4- 6 || total
-------------------------+-------+-------++-------
Melee: Dagger            |    61 |    44 ||   105
 Cast: Ensorcelled Hiber |    11 |     8 ||    19
       Corona            |     1 |       ||     1
       Confuse           |       |     1 ||     1
  Use: Potion            |     1 |     6 ||     7
 Stab: Sleeping          |    22 |     4 ||    26
       Distracted        |     1 |       ||     1
  Eat: Corpse            |     3 |       ||     3
